 Dungeon Crawl Stone Soup version 0.28-a0-422-gd71735cc25 (webtiles) character file.

Game seed: 18404736065684587954

3326 heikuro the Carver (level 10, -2/79 HPs)
             Began as a Formicid Fighter on Sept 8, 2021.
             Was an Elder of Wu Jian.
             Slain by an ufetubus (3 damage)
             ... summoned by a ynoxinul
             ... summoned by a kobold demonologist
             ... in a bailey.
             The game lasted 00:22:36 (9474 turns).

heikuro the Carver (Formicid Fighter)               Turns: 9474, Time: 00:22:37

Health: -2/79      AC: 14    Str: 23    XL:     10   Next: 21%
Magic:  10/10      EV:  8    Int:  8    God:    Wu Jian [****..]
Gold:   334        SH:  5    Dex: 11    Spells: 9/9 levels left

rFire   . . .      SeeInvis +   a - +0 long sword
rCold   . . .      Faith    .   c - +0 buckler
rNeg    . . .      Spirit   .   E - +2 chain mail {Will+}
rPois   .          Reflect  .   (helmet unavailable)
rElec   .          Harm     .   s - +0 cloak
rCorr   +          Rampage  .   (no gloves)
Will    ++...                   (no boots)
Stlth   ..........              t - amulet of magic regeneration
HPRegen 0.23/turn               i - ring of resist corrosion
MPRegen 0.37/turn               (no ring)

@: mighty, studying Long Blades
A: permanent stasis, dig shafts and tunnels, antennae 3, four strong arms
a: Dig, Renounce Religion, Wall Jump, Serpent's Lash


You were in a bailey.
You worshipped Wu Jian.
Wu Jian was greatly pleased with you.
You visited 2 branches of the dungeon, and saw 9 of its levels.
You also visited: Bailey.

You collected 334 gold pieces.

Inventory:

Hand Weapons
 a - a +0 long sword (weapon)
 j - a +3 short sword of venom
 m - a +2 whip of draining
Missiles
 h - 36 poisoned darts (quivered)
Armour
 c - a +0 buckler (worn)
 f - a +0 pair of gloves
 s - a +0 cloak (worn)
 y - a +1 ring mail of fire resistance
 E - a +2 chain mail of willpower (worn)
Jewellery
 i - a ring of resist corrosion (left hand)
 t - an amulet of magic regeneration (around neck)
Wands
 g - a wand of flame (22)
 q - a wand of paralysis (5)
 v - a wand of polymorph (3)
 C - a wand of iceblast (17)
Scrolls
 b - 2 scrolls of fog {unknown}
 e - a scroll of fear {unknown}
 l - 3 scrolls of magic mapping {unknown}
 o - 3 scrolls of enchant weapon {unknown}
 p - a scroll of amnesia {unknown}
 D - 2 scrolls of holy word
 G - 5 scrolls of immolation
 I - a scroll of acquirement
Potions
 k - a potion of flight
 n - a potion of heal wounds
 r - a potion of attraction
 w - 2 potions of curing
 x - 2 potions of brilliance {unknown}
 z - a potion of mutation {unknown}
 A - a potion of lignification {unknown}
 B - a potion of resistance {unknown}
 F - a potion of invisibility {unknown}
 H - a potion of haste {unknown}


   Skills:
 + Level 7.3 Fighting
 * Level 9.2 Long Blades
 + Level 7.3 Armour
 + Level 8.0 Shields
 + Level 3.7 Evocations


You had 9 spell levels left.
You didn't know any spells.
Your spell library contained the following spells:

 Spells                   Type           Power      Damage    Failure   Level
 Sting                    Tmut/Pois      0%         1d3       96%         1
 Ensorcelled Hibernation  Hex/Ice        0%         N/A       99%         2
 Poisonous Vapours        Pois/Air       0%         N/A       99%         2
 Tukima's Dance           Hex            0%         N/A       100%        3
 Olgreb's Toxic Radiance  Pois           0%         N/A       100%        4


Dungeon Overview and Level Annotations

Branches:
Dungeon (8/15)             Temple (1/1) D:6            Lair (0/6) D:8
 Bailey (1/1)

Altars:
Ashenzari
Cheibriados
Dithmenos
Elyvilon
Fedhas
Gozag
Hepliaklqana
Kikubaaqudgha
Makhleb
Nemelex Xobeh
Okawaru
Ru
Sif Muna
Trog
Uskayaw
Vehumet
Wu Jian
Xom
Yredelemnul
Zin
The Shining One

Shops:
D:3 (   D:4 *

Annotations:
D:3 1 runed translucent door, Eglamore's ghost, amateur DsGl


Innate Abilities, Weirdness & Mutations

You cannot be hasted, slowed, berserked, paralysed or teleported.
You can dig through walls and to a lower floor.
You have a pair of large antennae on your head. (SInv)
Your four strong arms can wield two-handed weapons with a shield.


Message History

The Council accepts your kill.
The chaos spawn degenerates into a cloud of primal chaos!
The crimson imp disappears in a puff of smoke!
The ice devil disappears in a puff of smoke!
The white imp disappears in a puff of smoke!
The quasit disappears in a puff of smoke!
The ynoxinul gestures.
The kobold demonologist casts a spell.
Your Long Blades skill increases to level 9!
Your Shields skill increases to level 8!
Aiming: Wall Jump
Press: ? - help, Dir - move target You repeatedly attack the orc warrior from above.
You slice the orc warrior!!
The orc warrior is almost dead.
You hit the orc warrior but do no damage.
The orc warrior is almost dead.
You repeatedly attack the orc from above.
You slash the orc!
You kill the orc!
The Council accepts your kill.
The kobold demonologist miscasts a cantrip.
The orc warrior hits you with a +0 hand axe!
* * * LOW HITPOINT WARNING * * *
You block the sun demon's attack.
The kobold demonologist miscasts a cantrip.
The orc warrior barely misses you.
You spin and attack the orc warrior.
The ufetubus shouts!
You hit the orc warrior.
You kill the orc warrior!
The Council accepts your kill. The ufetubus completely misses you.
The ufetubus barely misses you. The sun demon hits you.
* * * LOW HITPOINT WARNING * * *
You are engulfed in flames!
* * * LOW HITPOINT WARNING * * *
Unknown command.
You feel mightier all of a sudden. The ufetubus hits you.
You die...

#### #... {{
+... {{
#########{{
........#+##
.._........+
.........8.#
...........#
########58@#
#######.g553#
#.....#.5K8)#
#.....#535..#
#..⌠..#.5####
+.....'..#
+..)..'..# {
#####)''#####
{ {
#.).).......#
{


You could see a sun demon (summoned), a kobold demonologist, a ynoxinul
(summoned), a gnoll, a shadow imp (summoned) and 6 ufetubi.

Vanquished Creatures
  A kobold demonologist (Bailey)
  A hornet (D:7)
  Grinder (D:4)
  A steam dragon (D:6)
  Menkaure (D:5)
  A water moccasin (D:6)
  Edmund (D:5)
  2 ice beasts
  2 orc warriors (Bailey)
  A sky beast (D:6)
  A black bear (D:6)
  An ogre (D:5)
  A phantom (D:6)
  2 centaurs (D:6)
  Blork the orc (D:5)
  A kobold brigand (D:6)
  A bullfrog (D:7)
  2 scorpions (D:4)
  2 electric eels (Bailey)
  A howler monkey (D:6)
  A centaur zombie (D:8)
  A jelly (D:8)
  A gnoll shaman (D:5)
  3 hounds
  A bullfrog skeleton (D:7)
  4 orc priests
  Crazy Yiuf (D:2)
  4 iguanas
  4 orc wizards
  A hound skeleton (D:5)
  12 gnolls
  A howler monkey skeleton (D:7)
  6 adders
  2 shadow imps (D:5)
  A white imp (D:3)
  A worm (D:2)
  4 dart slugs
  20 orcs
  6 ball pythons
  7 endoplasms
  5 giant cockroaches
  10 hobgoblins
  2 jackals (D:1)
  7 kobolds
  4 quokkas
  8 bats
  13 goblins
  A goblin skeleton (D:3)
  A goblin zombie (D:3)
  A hobgoblin zombie (D:3)
  3 kobold skeletons (D:3)
  2 kobold zombies (D:3)
  3 orc zombies (D:3)
  8 rats
  A spectral kobold (D:2)
175 creatures vanquished.

Notes
Turn   | Place    | Note
-------+----------+-------------------------------------------
     0 | D:1      | heikuro the Formicid Fighter began the quest for the Orb.
     0 | D:1      | Reached XP level 1. HP: 18/18 MP: 1/1
   455 | D:1      | Reached XP level 2. HP: 23/24 MP: 2/2
   754 | D:1      | Reached XP level 3. HP: 29/29 MP: 3/3
  1624 | D:2      | Found a faded altar of an unknown god.
  1637 | D:2      | Became a worshipper of the Wu Jian Council
  1637 | D:2      | Reached * piety under Wu Jian
  1812 | D:2      | You fall into a shaft and drop 1 floor!
  1813 | D:3      | Found Okaxasoy's Weapon Emporium.
  1819 | D:3      | Reached skill level 3 in Long Blades
  1819 | D:3      | Reached XP level 4. HP: 25/37 MP: 4/4
  1879 | D:3      | Reached XP level 5. HP: 20/42 MP: 5/5
  1880 | D:3      | Reached ** piety under Wu Jian
  1898 | D:3      | Found a glowing golden altar of the Shining One.
  2660 | D:2      | Found a runed translucent door.
  3084 | D:3      | Reached XP level 6. HP: 32/48 MP: 6/6
  3282 | D:3      | Reached skill level 4 in Long Blades
  3489 | D:3      | Found a runed translucent door.
  3490 | D:3      | Noticed Eglamore's ghost (amateur DsGl)
  3624 | D:2      | Noticed Crazy Yiuf
  3643 | D:2      | Killed Crazy Yiuf
  3770 | D:4      | Identified the +4 robe of the Chupacabra {Str+4}
  3778 | D:4      | Reached skill level 5 in Shields
  3915 | D:4      | Found Tugguin's Elemental Accessories.
  3956 | D:4      | Reached XP level 7. HP: 49/55 MP: 7/7
  4016 | D:4      | Reached *** piety under Wu Jian
  4130 | D:4      | Found a shimmering blue altar of Sif Muna.
  4165 | D:4      | Found a hide-covered altar of Uskayaw.
  4166 | D:4      | Found a broken altar of Ashenzari.
  4166 | D:4      | Found a glowing silver altar of Zin.
  4166 | D:4      | Found a bloodstained altar of Trog.
  4166 | D:4      | Found a blossoming altar of Fedhas.
  4167 | D:4      | Found a sparkling altar of Nemelex Xobeh.
  4352 | D:4      | Found a sacrificial altar of Ru.
  4525 | D:5      | Entered Level 5 of the Dungeon
  4538 | D:5      | Noticed Grinder
  4569 | D:4      | Killed Grinder
  4570 | D:4      | Reached skill level 5 in Fighting
  4570 | D:4      | Reached skill level 5 in Long Blades
  4570 | D:4      | Reached skill level 5 in Armour
  4853 | D:5      | Noticed Edmund
  4868 | D:5      | Killed Edmund
  4869 | D:5      | Reached XP level 8. HP: 50/62 MP: 8/8
  5022 | D:5      | Reached skill level 6 in Long Blades
  5348 | D:5      | Found an ornate altar of the Wu Jian Council.
  6051 | D:5      | Noticed Menkaure
  6057 | D:5      | Killed Menkaure
  6117 | D:6      | Noticed Blork the orc
  6130 | D:5      | Killed Blork the orc
  6274 | D:6      | Reached XP level 9. HP: 57/69 MP: 9/9
  6433 | D:6      | Found a staircase to the Ecumenical Temple.
  6463 | Temple   | Entered the Ecumenical Temple
  6784 | D:6      | Reached skill level 7 in Long Blades
  6784 | D:6      | Reached skill level 1 in Evocations
  7290 | D:6      | Found an ancient bone altar of Kikubaaqudgha.
  7346 | D:6      | Found a snail-covered altar of Cheibriados.
  8142 | D:7      | Identified the +0 trident of Aruim {flame, Will- Int+6
                  | Dex+3}
  8414 | D:7      | Noticed a hornet
  8424 | D:7      | Killed a hornet
  8425 | D:7      | Reached skill level 8 in Long Blades
  9047 | D:8      | Identified 2 scrolls of acquirement
  9047 | D:8      | Acquired a manual of Long Blades
  9094 | D:8      | Found a staircase to the Lair.
  9138 | D:8      | Reached XP level 10. HP: 37/77 MP: 10/10
  9164 | D:8      | Found a flagged portal.
  9166 | D:8      | Noticed a six-headed hydra
  9168 | D:8      | Noticed a gargoyle
  9168 | D:8      | Noticed a manticore
  9171 | Bailey   | Entered a bailey
  9445 | Bailey   | Found an iron altar of Okawaru.
  9445 | Bailey   | Noticed a kobold demonologist
  9445 | Bailey   | Noticed a kobold demonologist
  9447 | Bailey   | Noticed an ice devil
  9459 | Bailey   | Noticed an ice devil
  9468 | Bailey   | Noticed a sun demon
  9471 | Bailey   | Killed a kobold demonologist
  9471 | Bailey   | Reached **** piety under Wu Jian
  9472 | Bailey   | Reached skill level 9 in Long Blades
  9473 | Bailey   | HP: 1/79 [sun demon[a kobold demonologist] (16)]
  9474 | Bailey   | Slain by an ufetubus

Illustrated notes

Levels and vault maps discovered:
D:1:      dpeg_arrival_radiant, layout_basic, serial_forest,
          infiniplex_forest_zigzag_1, infiniplex_forest_fountain,
          infiniplex_forest_clump_tiny, infiniplex_forest_pool,
          infiniplex_forest_clump_long, infiniplex_forest_corner_2,
          infiniplex_forest_straight_4, minmay_tetromino_o2
D:2:      layout_loops_cross, dreamdust_ecumenical_altar_drowned_temple,
          uniq_crazy_yiuf_cottage
D:3:      layout_rooms, nicolae_tso_besieged_by_evil, serial_shops, shop,
          ebering_ghost_inner_flame, minmay_joined_circles
D:4:      layout_rooms, grunt_temple_overflow_open, overflow_temple_1_default,
          nicolae_elemental_shop
D:5:      layout_loops_ring, pdpol_wu_jian_five_deadly_venoms,
          minmay_chambers_of_fives, uniq_menkaure, uniq_grinder, uniq_edmund
D:6:      layout_basic, nicolae_overflow_hidden_temple,
          mainiacjoe_overflow_boulevard, minmay_temple_entry_large_hall,
          uniq_blork_the_orc
D:7:      layout_loops_cross
D:8:      layout_rooms, lemuel_tele_altar, lair_entry_dummy, enter_bailey_1,
          minmay_misc_feat_chi, chequers_jeans, minmay_manual_moon
Temple:   compressed_dpeg_triangle_lava_temple
Bailey:   bailey_axe_of_yendor_kennysheep, bailey

Skill      XL: |  1  2  3  4  5  6  7  8  9 10 |
---------------+-------------------------------+-----
Shields        | 4 5 6 7 8 |  8.0
Long Blades    | 3 4 5 6 8 9 |  9.2
Fighting       | 4 5 6 7 |  7.3
Armour         | 4 5 6 7 |  7.3
Evocations     | 3 |  3.7

Action                   |  1- 3 |  4- 6 |  7- 9 | 10-12 || total
-------------------------+-------+-------+-------+-------++-------
Melee: Long sword        |    47 |    16 |     9 |    16 ||    88
       Short sword       |    53 |   138 |   291 |    37 ||   519
Throw: Dart              |       |     1 |     3 |       ||     4
Invok: Whirlwind         |    16 |    85 |   138 |    16 ||   255
       Lunge             |     3 |     7 |    21 |     1 ||    32
 Abil: Dig               |       |     2 |     2 |     1 ||     5
       Wall Jump         |       |       |    32 |     3 ||    35
Evoke: Wand              |       |       |     6 |     2 ||     8
  Use: Scroll            |       |       |    10 |       ||    10
       Potion            |       |       |     1 |     3 ||     4
 Stab: Paralysed         |       |       |     7 |       ||     7
Armor: Scale mail        |    35 |    13 |       |       ||    48
       Chain mail        |       |    33 |   129 |    16 ||   178
Dodge: Dodged            |    40 |    44 |    74 |    18 ||   176
Block: Buckler           |    23 |    29 |    51 |     4 ||   107

Table legend: (Time is in decaauts)
 A = Elapsed time spent in this place.
 B = Non-inter-level travel time spent in this place.
 C = Inter-level travel time spent in this place.
 D = Time resting spent in this place.
 E = Time spent auto-exploring this place.
 F = Levels seen in this place.
 G = Mean time per level.
                   A        B        C        D        E       F      G
               +--------+--------+--------+--------+--------+-----+--------+
         Total |   9536 |   9050 |    486 |   2979 |   4014 |  10 |  953.6 |
       Dungeon |   8963 |   8488 |    475 |   2772 |   3764 |   8 | 1120.4 |
        Temple |    269 |    258 |     11 |      0 |    250 |   1 |  269.0 |
        Bailey |    303 |    303 |      0 |    207 |      0 |   1 |  303.0 |
               +--------+--------+--------+--------+--------+-----+--------+

Top non-repeatable levels by time:
     D:6: 1664 daAuts
     D:1: 1515 daAuts
     D:5: 1491 daAuts
     D:2: 1420 daAuts
     D:4: 1005 daAuts
     D:7: 888 daAuts
     D:3: 852 daAuts
  Bailey: 303 daAuts
  Temple: 269 daAuts
     D:8: 124 daAuts
